Map: Oxide LE

Players

rottenorange

  • Race: Zerg Zerg
  • Spawn Location: 7:00

Noob - Winner!

  • Race: Terran Terran
  • League: Gold
  • Spawn Location: 1:00

VOD

Have the link to the VOD?

Description

Time

  • Played on: Oct. 7, 2020, 3:51 p.m.
  • Length: 8:42
Show
View Real Time Build Order
Export as new Build Order

rottenorange Zerg 

Build Orders: Hatch First 

Get SALT Encoding   

  12  0:00  Drone  
  13  0:15  Overlord  
  13  0:22  Drone  
  14  0:35  Drone x2  
  16  0:41  Drone  
  17  0:49  Drone  
  18  1:00  Hatchery  
  17  1:06  Drone  
  18  1:12  Extractor  
  17  1:18  Spawning Pool  
  17  1:21  Drone  
  17  1:30  Drone  
  18  1:57  Drone x2  
  18  1:58  Drone  
  20  2:07  Queen  
  22  2:09  Overlord  
  22  2:14  Queen  
  24  2:17  Drone  
  24  2:20  Metabolic Boost  
  25  2:28  Overlord, Drone  
  26  2:32  Drone  
  27  2:37  Zergling x2  
  28  3:10  Zergling x4  
  28  3:12  Drone x2  
  32  3:13  Drone x2  
  34  3:20  Spine Crawler  
  33  3:28  Spine Crawler  
  33  3:29  Queen  
  33  3:32  Drone  
  33  3:33  Drone x4  
  39  3:41  Drone  
  39  3:44  Drone  
  39  3:46  Drone x3  
  44  4:03  Overlord x2  
  44  4:09  Overlord x2  
  41  4:35  Lair  
  41  4:49  Roach Warren  
  40  4:54  Extractor  
  40  4:55  Extractor  
  38  5:12  Hatchery  
  37  5:20  Drone x3  
  37  5:21  Drone x5  
  45  5:29  Drone x7  
  45  5:30  Drone x2  
  54  5:47  Roach x2  
  54  5:48  Roach x3  
  64  5:58  Overseer  
  64  6:01  Overseer  
  64  6:06  Roach x6  
  76  6:15  Overlord  
  76  6:33  Hydralisk Den  
  76  6:38  Drone  
  76  6:39  Roach x7  
  90  6:42  Overlord x2  
  90  7:00  Queen  
  92  7:14  Extractor  
  91  7:18  Drone x3  
  91  7:21  Drone  
  91  7:22  Drone x9  
  93  7:48  Roach  
  93  7:49  Roach x9  
  80  8:00  Evolution Chamber  
  80  8:02  Evolution Chamber  
  63  8:19  Roach x6  
Show
View Real Time Build Order
Export as new Build Order

Noob Terran - Winner!

Build Orders:  

Get SALT Encoding   

  12  0:00  SCV  
  13  0:12  SCV  
  14  0:19  Supply Depot  
  14  0:25  SCV  
  15  0:41  SCV  
  16  0:43  Barracks  
  16  0:48  Refinery  
  16  0:53  SCV  
  17  1:05  SCV  
  18  1:17  SCV  
  19  1:28  Refinery  
  19  1:32  Supply Depot  
  19  1:43  SCV  
  20  1:48  Reaper  
  21  1:55  SCV  
  22  2:07  SCV  
  23  2:12  Command Center  
  23  2:15  Factory  
  23  2:21  SCV  
  24  2:33  SCV, Barracks Tech Lab  
  25  2:46  Orbital Command  
  24  3:13  Starport  
  24  3:15  Barracks Reactor  
  24  3:18  SCV  
  25  3:21  Siege Tank  
  28  3:30  SCV  
  28  3:32  Supply Depot  
  29  3:38  Supply Depot  
  29  3:53  Siege Tank  
  32  3:56  Supply Depot  
  32  3:57  SCV  
  32  3:58  Orbital Command  
  33  4:11  Refinery, Marine x2  
  31  4:25  Siege Tank  
  31  4:29  Marine  
  34  4:41  SCV x2  
  36  4:50  Supply Depot  
  36  4:53  SCV  
  36  4:54  Supply Depot  
  36  4:58  Marine x2  
  42  5:00  Siege Tank  
  42  5:03  Starport Reactor  
  42  5:08  SCV  
  42  5:09  SCV  
  42  5:13  Supply Depot  
  44  5:16  Marine x2  
  44  5:17  Supply Depot  
  46  5:30  SCV x2  
  48  5:36  Siege Tank  
  48  5:37  Marine x2  
  48  5:39  Medivac  
  48  5:40  Medivac  
  57  5:47  Engineering Bay  
  57  5:51  SCV x2  
  57  5:54  Marine  
  57  5:55  Refinery, Marine  
  61  6:03  SCV x2  
  63  6:08  Siege Tank  
  63  6:09  Medivac x2  
  70  6:12  Marine x2  
  70  6:15  Supply Depot  
  70  6:16  SCV x2  
  74  6:18  Terran Infantry Weapons Level 1  
  74  6:33  Barracks  
  74  6:38  Supply Depot  
  74  6:55  Marine x2  
  74  6:57  Medivac x2, Siege Tank  
  84  7:01  SCV x2  
  85  7:12  Marine  
  85  7:13  SCV x2, Marine  
  89  7:22  Barracks  
  89  7:24  Barracks Tech Lab  
  89  7:25  SCV x2  
  89  7:29  Siege Tank  
  94  7:30  Marine x2  
  94  7:31  Liberator  
  94  7:32  Liberator  
  94  7:33  Command Center  
  98  7:48  Marine x2  
  96  7:58  Marauder  
  98  8:01  Siege Tank  
  101  8:06  Marine x2  
  103  8:19  Marauder  
Tags
 
League
Gold
Matchup
TvZ
Replay Pack
replays
Spawn Locations
Cross Positions
Add a new tag
Caveats
  • Supply blocks, unpowered buildings, or Contaminate may cause inaccurate times.
  • Supply counts are checked every 10 seconds.